 Dungeon Crawl Stone Soup version 0.24.0-2-g5b39cebb1c (webtiles) character file.

Game seed: 10321138810779256082, levelgen mode: deterministic

173 Chiseanne the Sneak (level 5, -1/33 HPs)
             Began as an Octopode Air Elementalist on Oct 30, 2019.
             Slain by an orc
             ... wielding a +0 mace
              (7 damage)
             ... on level 3 of the Dungeon.
             The game lasted 00:04:30 (2868 turns).

Chiseanne the Sneak (Octopode Air Elementalist)     Turns: 2868, Time: 00:04:30

Health: -1/33      AC:  1    Str:  7    XL:     5   Next: 53%
Magic:  3/9        EV: 14    Int: 19    God:
Gold:   111        SH:  0    Dex: 12    Spells: 8/9 levels left

rFire    . . .     SeeInvis .   a - +1 dagger (speed)
rCold    . . .     Gourm    .   (no shield)
rNeg     . . .     Faith    .   (helmet restricted)
rPois    .         Spirit   .   (no amulet)
rElec    .         Reflect  .   (no ring)
rCorr    .         Harm     .   (no ring)
MR       .....                  (no ring)
Stlth    +++.......             (no ring)
HPRegen  0.11/turn              (no ring)
MPRegen  0.11/turn              (no ring)
                                (no ring)
                                (no ring)

@: no status effects
A: almost no armour, stealthy swim, amphibious, 8 rings, constrict 8, camouflage
1, gelatinous body 1
a: no special abilities


You were on level 3 of the Dungeon.
You were not hungry.

You visited 1 branch of the dungeon, and saw 3 of its levels.

You collected 111 gold pieces.

Inventory:

Hand Weapons
 a - a +1 dagger of speed (weapon)
Missiles
 d - 82 stones (quivered)
 f - 44 arrows
 o - 9 bolts
 p - 11 poisoned darts
Scrolls
 e - 2 scrolls of remove curse
 i - a scroll of identify
Potions
 g - a potion of lignification {unknown}
 h - 2 potions of curing {unknown}
 l - a potion of agility {unknown}
 n - a potion of heal wounds {unknown}
Comestibles
 b - 4 rations


   Skills:
 * Level 1.6 Fighting
 * Level 2.8 Dodging
 * Level 3.8 Stealth
 * Level 2.8 Spellcasting
 * Level 2.3 Conjurations
 * Level 3.6 Air Magic


You had 8 spell levels left.
You knew the following spells:

 Your Spells              Type           Power        Failure   Level  Hunger
a - Shock                 Conj/Air       ##..         4%          1    None

Your spell library contained the following spells:

 Spells                   Type           Power        Failure   Level  Hunger
 Swiftness                Chrm/Air       #.......     11%         2    ##.....
 Static Discharge         Conj/Air       ##......     14%         3    ###....
 Airstrike                Air            ###.......   34%         4    ####...
 Lightning Bolt           Conj/Air       ##........   77%         5    ######.


Dungeon Overview and Level Annotations

Branches:
Dungeon (3/15)

Altars:
Zin


Innate Abilities, Weirdness & Mutations

You cannot wear most types of armour.
You are very stealthy in the water. (Stealth+)
You are amphibious.
You can wear up to eight rings at the same time.
You can use your tentacles to constrict eight enemies at once.
Your skin changes colour to match your surroundings (Stealth+).
Your rubbery body absorbs attacks. (AC +1, EV +1)


Message History

* * * LOW HITPOINT WARNING * * *
The orc misses you.
You hit the orc priest but do no damage.
The orc priest is severely wounded.
You constrict the orc priest. You hit the orc. Your grab misses the orc.
The orc is lightly wounded.
You constrict the orc priest, but do no damage.
The orc priest hits you with a +0 club.
* * * LOW HITPOINT WARNING * * *
The orc misses you.
You hit the orc priest.
The orc priest is almost dead.
You constrict the orc priest.
You kill the orc priest!
You hit the orc. You grab the orc.
The orc is moderately wounded.
You constrict the orc, but do no damage.
The orc hits you with a +0 mace!
You die...

....................
.......####...........#
.......# #...........## .
#.....## .....[.....?.#..
.....## #....>..........
#.#### #...............
...#####.######.###.))....
..........#####.###.......
......##.......)@o........
.........######.####......
.............##.## .....
.......#.###.....######...
)...##.#.######........ ..
..### ...............#. .
#..## #.#####..#######
##..## ..# #.## ##..###.#
#.#


You could see an orc.

Vanquished Creatures
  An orc wizard (D:3)
  An orc priest (D:3)
  Jessica (D:2)
  An adder (D:2)
  A worm (D:3)
  2 dart slugs
  2 leopard geckos
  3 orcs (D:3)
  8 bats
  2 giant cockroaches (D:3)
  5 goblins
  9 hobgoblins
  8 jackals
  A quokka (D:2)
  3 ball pythons
  4 frilled lizards
  9 kobolds
  5 rats (D:2)
66 creatures vanquished.

Notes
Turn   | Place    | Note
-------+----------+-------------------------------------------
     0 | D:1      | Chiseanne the Octopode Air Elementalist began the quest for
                  | the Orb.
     0 | D:1      | Reached XP level 1. HP: 11/11 MP: 3/3
   394 | D:1      | Reached XP level 2. HP: 18/18 MP: 0/5
  1006 | D:1      | Reached XP level 3. HP: 22/22 MP: 3/6
  1256 | D:2      | Found a glowing silver altar of Zin.
  1374 | D:2      | Reached skill level 1 in Fighting
  1869 | D:2      | Noticed Jessica
  1880 | D:2      | Killed Jessica
  1880 | D:2      | Reached XP level 4. HP: 17/28 MP: 2/7
  2833 | D:3      | Reached XP level 5. HP: 33/33 MP: 3/9
  2868 | D:3      | Slain by an orc

Levels and vault maps discovered:
D:1:      lightli_arrival_noodles, layout_basic, serial_park_tiny_2
D:2:      layout_basic, zin_statuary, uniq_jessica
D:3:      layout_rooms, first_ration

Skill      XL: |  1  2  3  4 |
---------------+-------------+-----
Stealth        | 3 |  3.8
Fighting       | 1 |  1.6
Conjurations   | 2 |  2.3
Dodging        | |  2.8
Spellcasting   | |  2.8
Air Magic      | |  3.6

Action                   |  1- 3 |  4- 6 || total
-------------------------+-------+-------++-------
Melee: Unarmed           |     3 |       ||     3
       Constrict         |     9 |    12 ||    21
       Club              |    23 |    11 ||    34
       Tentacles         |     4 |    13 ||    17
       Dagger            |       |    41 ||    41
 Cast: Shock             |    70 |    39 ||   109
  Use: Scroll            |     3 |     3 ||     6
 Stab: Sleeping          |     1 |       ||     1
  Eat: Chunk             |     3 |     4 ||     7
Armor: Skin              |     1 |     6 ||     7
Dodge: Dodged            |    28 |    36 ||    64
